AoeStats
← Ux'La Diabla

Coastal Forest

503746722Analyzed
4v4 RM · 1mo ago on Sep 2, 2026· 32m 45s· 8 players
Game mode
Random Map
Map size
Large (8 player)
Population
200
Speed
Normal
Resources
Standard
Victory
Conquest
Starting age
Dark Age
Ending age
Imperial Age
RankedLock teamsTeams togetherTeam positionsShared explorationLock speedFull tech treeHidden civsTurbo modeCheats
Victory
Defeat
🇬🇧 Aztecs · United Kingdom
1970
+5
🇹🇼 Portuguese · Taiwan
1763
+12
🇧🇴 Slavs · Bolivia
1724
+14
1597
+20
🇵🇪 Magyars · Peru
1797
-18
🇨🇱 Ethiopians · Chile
1666
-12
🇲🇽 Maya · Mexico
1633
-10
🇺🇸 Lithuanians · United States
1613
-9
Ux'La Diabla
6:52 Loom
9:18 Feudal Age
10:58 Double-Bit Axe
18:22 Scale Barding Armor
20:36 Bloodlines
21:33 Forging
22:16 Horse Collar
26:38 Castle Age
25:46 Town Watch
28:56 Chain Barding Armor
29:30 Husbandry
31:29 Iron Casting
Ancalagon14
7:17 Loom
9:50 Feudal Age
13:06 Fletching
17:46 Padded Archer Armor
20:50 Horse Collar
23:04 Wheelbarrow
22:55 Double-Bit Axe
26:40 Castle Age
26:51 Crossbowman
27:31 Bodkin Arrow
28:00 Hand Cart
30:05 Ballistics
29:44 Gold Mining
31:23 Bow Saw
32:36 Thumb Ring
noru
9:33 Loom
11:19 Feudal Age
12:22 Double-Bit Axe
16:38 Castle Age
20:38 Medium Warships
21:54 Stone Mining
22:29 Bow Saw
24:22 Wheelbarrow
24:15 Scale Barding Armor
25:03 Gold Mining
26:42 Gold Shaft Mining
26:54 Chain Barding Armor
26:54 Bloodlines
30:36 Horse Collar
35:00 Imperial Age
32:47 Hand Cart
[DH]TLACUACHE
0:31 Loom
11:30 Feudal Age
20:55 Fletching
25:09 Castle Age
23:56 Padded Archer Armor
25:58 Crossbowman
robo_boro
5:57 Loom
8:32 Feudal Age
13:46 Fletching
22:37 Castle Age
20:51 Double-Bit Axe
21:21 Horse Collar
22:13 Padded Archer Armor
23:19 Bodkin Arrow
23:39 Forging
22:55 Crossbowman
26:37 Ballistics
28:35 Wheelbarrow
Yucatan_water_supremacy
2:00 Loom
10:03 Feudal Age
11:02 Town Watch
14:38 Fletching
19:25 Double-Bit Axe
32:58 Castle Age
31:52 Stone Mining
NOBLE FLAMIGO
8:51 Feudal Age
10:47 Bloodlines
10:46 Double-Bit Axe
15:33 Horse Collar
20:40 Castle Age
18:55 Gold Mining
20:27 Scale Barding Armor
21:49 Chain Barding Armor
21:58 Bow Saw
21:57 Heavy Plow
27:35 Forging
30:09 Gold Shaft Mining
29:51 Husbandry
30:54 Iron Casting
30:18 Loom
30:19 Town Watch
Ubuntu
9:02 Loom
11:52 Feudal Age
13:18 Double-Bit Axe
15:55 Castle Age
14:02 Gold Mining
14:21 Fletching
17:04 Wheelbarrow
16:15 Fishing Lines
16:46 Medium Warships
17:03 Bow Saw
18:34 Town Watch
20:54 Bodkin Arrow
21:01 Horse Collar
25:42 Hand Cart
25:59 Ballistics
30:18 Imperial Age
27:53 Stone Mining
28:14 Masonry
29:10 Scale Mail Armor
29:21 Forging
28:53 Treadmill Crane
30:06 Chain Mail Armor
31:19 Iron Casting
30:36 Gillnets
30:51 Caravan
30:30 Pikeman
32:14 Chemistry
31:04 Halberdier
32:32 Murder Holes
32:50 Fortified Wall
32:45 Siege Engineers
33:39 Plate Mail Armor
34:10 Blast Furnace
Connection lost

Rejoining the realm…

Still unreachable

The connection could not be restored.

Session expired

The server has moved on; the page needs a fresh start.